 Dungeon Crawl Stone Soup version 0.29.1-13-g9f3cf754e1 (webtiles) character file.

Game seed: 5149436684439918915

1363 adizb the Trooper (level 8, -1/70 HPs)
             Began as a Ghoul Monk on Jan 26, 2023.
             Was a High Priest of Vehumet.
             Slain by a gnoll sergeant
             ... wielding a +5 vampiric spear
              (10 damage)
             ... on level 5 of the Dungeon.
             The game lasted 00:46:57 (3615 turns).

adizb the Trooper (Ghoul Monk)                      Turns: 3615, Time: 00:46:58

Health: -1/70      AC: 13    Str: 17    XL:     8   Next: 64%
Magic:  9/11       EV: 12    Int: 11    God:    Vehumet [*****.]
Gold:   413        SH:  0    Dex: 11    Spells: 2/12 levels left

rFire   . . .      SeeInvis .   y - +2 flail (protect)
rCold   + + .      Faith    .   (no shield)
rNeg    + + +      Spirit   .   u - +2 leather armour {rC+}
rPois   ∞          Reflect  .   v - +0 helmet
rElec   .          Harm     .   (no cloak)
rCorr   +          Rampage  .   (no gloves)
Will    .....                   (no boots)
Stlth   ++........              C - amulet of magic regeneration
HPRegen 0.00/turn               s - ring of resist corrosion
MPRegen 0.52/turn               l - +6 ring of intelligence

@: under a protective aura, freezing walls, inhibited regen
A: claws 1, cold resistance 1, negative energy resistance 3, inhibited
regeneration, torment resistance 2, devour on kill
a: Renounce Religion


You were on level 5 of the Dungeon.
You worshipped Vehumet.
Vehumet was extremely pleased with you.
You visited 1 branch of the dungeon, and saw 5 of its levels.

You collected 413 gold pieces.

Inventory:

Hand Weapons
 a - a +1 dagger of venom
 y - a +2 flail of protection (weapon)
 z - the +8 war axe "Xexzu" {freeze, *Rage Str+7 Dex+2 SInv}
   (You found it on level 4 of the Dungeon)

   It freezes those it strikes, dealing additional cold damage.
   It can also slow down cold-blooded creatures.
   Str:       It affects your strength (+7).
   Dex:       It affects your dexterity (+2).
   SInv:      It lets you see invisible.
   *Rage:     It berserks you when you make melee attacks (+20% chance).
Armour
 i - a +2 ring mail of cold resistance
 n - a +1 robe
 u - a +2 leather armour of cold resistance (worn)
 v - a +0 helmet (worn)
Jewellery
 h - a ring of protection from fire
 l - a +6 ring of intelligence (right claw)
 s - a ring of resist corrosion (left claw)
 B - an amulet of regeneration
 C - an amulet of magic regeneration (around neck)
Wands
 e - a wand of flame (12)
 x - a wand of roots (7)
 A - a wand of charming (8)
Scrolls
 f - a scroll of fog
 g - a scroll of enchant armour
 j - 2 scrolls of amnesia
 m - a scroll of teleportation
 r - 2 scrolls of immolation
 w - a scroll of fear
 D - 3 scrolls of vulnerability {unknown}
Potions
 b - 6 potions of brilliance
 c - a potion of ambrosia
 d - 2 potions of haste {unknown}
 k - 3 potions of invisibility {unknown}
 o - 2 potions of curing {unknown}
 p - 2 potions of heal wounds {unknown}
 q - a potion of magic {unknown}
 t - a potion of degeneration {unknown}


   Skills:
 + Level 5.9 Fighting
 + Level 4.0 Maces & Flails
 - Level 0.1 Polearms
 + Level 3.2 Armour
 + Level 4.4 Dodging
 - Level 3.1 Stealth
 + Level 2.8 Spellcasting
 - Level 2.2 Conjurations
 + Level 4.1 Ice Magic
 + Level 0.9 Earth Magic


You had 2 spell levels left.
You knew the following spells:

 Your Spells              Type           Power      Damage    Failure   Level
a - Freeze                Ice            40%        1d6       1%          1
b - Magic Dart            Conj           24%        1d4       3%          1
c - Frozen Ramparts       Ice            20%        1d4       4%          3
d - Freezing Cloud        Conj/Ice/Air   3%         6-21      65%         5

Your spell library contained the following spells:

 Spells                   Type           Power      Damage    Failure   Level
 Iron Shot                Conj/Erth      2%         9d2       99%         6
 Mephitic Cloud           Conj/Pois/Air  3%         N/A       17%         3
 Ignite Poison            Fire/Tmut/Pois 1%         N/A       24%         3


Dungeon Overview and Level Annotations

Branches:
Dungeon (5/15)
 Temple: D:4-7

Altars:
Qazlal
Vehumet
Yredelemnul

Shops:
D:2 :


Innate Abilities, Weirdness & Mutations

You are immune to poison.
You have sharp fingernails.
Your flesh is cold resistant. (rC+)
You are immune to negative energy. (rN+++)
You do not regenerate when monsters are visible.
You are immune to unholy pain and torment.
You thrive by killing the living.


Message History

The gnoll closely misses you. The gnoll barely misses you.
The gnoll sergeant closely misses you.
You closely miss the gnoll.
The gnoll is almost dead.
The gnoll sergeant misses you. The gnoll closely misses you.
Casting: Frozen Ramparts (dangerous; 4% risk of failure)
Press: ? - help, Q - select action, (/) - cycle Dir - look around, f - activate The walls around you are covered in ice.
The wall freezes the gnoll sergeant.
The wall freezes the gnoll sergeant but does no damage.
The gnoll sergeant misses you.
Your frozen ramparts will break if you move.
Continue?
The frozen ramparts melt away as you move.
The gnoll sergeant hits you with a +5 vampiric spear!
You closely miss the gnoll sergeant.
The gnoll sergeant is lightly wounded.
The gnoll sergeant misses you.
You hit the gnoll sergeant but do no damage.
Your weapon exudes an aura of protection.
The gnoll sergeant is lightly wounded.
The gnoll sergeant barely misses you.
You hit the gnoll sergeant but do no damage.
The gnoll sergeant is lightly wounded.
The gnoll sergeant hits you with a +5 vampiric spear.
Casting: Frozen Ramparts (dangerous; 4% risk of failure)
Press: ? - help, Q - select action, (/) - cycle Dir - look around, f - activate A rock wall.
The walls around you are covered in ice.
The wall freezes the gnoll sergeant but does no damage.
The gnoll sergeant hits you with a +5 vampiric spear.
The wall freezes the gnoll. x2
You hit the gnoll sergeant.
The gnoll sergeant is lightly wounded.
The wall freezes the gnoll sergeant but does no damage.
The gnoll sergeant hits you with a +5 vampiric spear!
* * * LOW HITPOINT WARNING * * *
The wall freezes the gnoll. x2
The wall freezes the gnoll sergeant but does no damage.
The gnoll sergeant hits you with a +5 vampiric spear!
You die...

#..##..#..........
##.#..##........
#..#...........
#........##.# ##
#..#........## ≈≈
##.#.....#...# ≈#
###.....##.##
#≈######
####.[##.####≈≈#.!.#
#####.@gg#≈≈#...#
####gg≈≈#...#
##.≈###'##
#.≈##≈.≈##≈#
#.≈≈≈≈.≈≈≈≈#
#.gg...#####
########


You could see a gnoll sergeant and 3 gnolls.

Vanquished Creatures
  Grinder (D:5)
  2 ogres
  2 scorpions (D:4)
  A howler monkey (D:5)
  2 jellies
  4 orc priests
  A gnoll bouda (D:5)
  3 hounds
  Jessica (D:2)
  An iguana (D:4)
  5 orc wizards
  11 gnolls
  6 adders
  2 worms
  4 dart slugs
  35 orcs
  6 ball pythons
  8 bats
  13 endoplasms
  A giant cockroach (D:1)
  22 goblins
  18 hobgoblins
  2 jackals (D:3)
  21 kobolds
  5 quokkas
  3 frilled lizards
  10 rats
190 creatures vanquished.

Vanquished Creatures (others)
  A fungus (D:1)
  13 plants
  A withered plant (D:1)
15 creatures vanquished.

Grand Total: 205 creatures vanquished

Notes
Turn   | Place    | Note
-------+----------+-------------------------------------------
     0 | D:1      | adizb the Ghoul Monk began the quest for the Orb.
     0 | D:1      | Reached XP level 1. HP: 19/19 MP: 0/0
    80 | D:1      | Reached XP level 2. HP: 25/26 MP: 1/1
   196 | D:1      | Reached skill level 1 in Armour
   196 | D:1      | Reached XP level 3. HP: 13/31 MP: 2/2
   215 | D:1      | You fall into a shaft and drop 1 floor!
   220 | D:2      | Found Cel Miarem's Book Emporium.
   231 | D:2      | Noticed Jessica
   591 | D:1      | Reached skill level 4 in Fighting
   607 | D:1      | Reached XP level 4. HP: 40/40 MP: 3/3
   681 | D:1      | Found a faded altar of an unknown god.
   723 | D:1      | Prayed at the altar of an unknown god.
   723 | D:1      | Became a worshipper of Vehumet
   723 | D:1      | Reached * piety under Vehumet
   723 | D:1      | Offered knowledge of Freeze by Vehumet.
   723 | D:1      | Reached ** piety under Vehumet
   726 | D:1      | Learned a level 1 spell: Freeze
   984 | D:2      | Offered knowledge of Magic Dart by Vehumet.
  1005 | D:2      | Learned a level 1 spell: Magic Dart
  1057 | D:2      | Offered knowledge of Mephitic Cloud by Vehumet.
  1063 | D:2      | Reached *** piety under Vehumet
  1098 | D:2      | Found a basalt altar of Yredelemnul.
  1172 | D:2      | Killed Jessica
  1173 | D:2      | Reached skill level 1 in Ice Magic
  1384 | D:2      | Reached XP level 5. HP: 33/46 MP: 1/4
  1492 | D:3      | Offered knowledge of Fulminant Prism by Vehumet.
  1545 | D:3      | Noticed an ogre
  1750 | D:3      | Reached skill level 1 in Spellcasting
  2017 | D:4      | Reached XP level 6. HP: 15/52 MP: 3/6
  2151 | D:4      | Identified the +8 war axe "Xexzu" {freeze, *Rage Str+7
                  | Dex+2 SInv}
  2160 | D:4      | Reached **** piety under Vehumet
  2230 | D:4      | Reached skill level 1 in Conjurations
  2364 | D:4      | Reached XP level 7. HP: 26/60 MP: 8/8
  2428 | D:4      | Offered knowledge of Frozen Ramparts by Vehumet.
  2436 | D:4      | Learned a level 3 spell: Frozen Ramparts
  2964 | D:3      | Reached skill level 5 in Fighting
  3220 | D:5      | Entered Level 5 of the Dungeon
  3240 | D:5      | Learned a level 5 spell: Freezing Cloud
  3303 | D:5      | Reached XP level 8. HP: 68/68 MP: 8/10
  3376 | D:5      | Found a stormy altar of Qazlal.
  3431 | D:5      | Reached ***** piety under Vehumet
  3431 | D:5      | Offered knowledge of Iron Shot by Vehumet.
  3497 | D:5      | Noticed Grinder
  3526 | D:5      | Killed Grinder
  3615 | D:5      | Slain by a gnoll sergeant

Illustrated notes

Levels and vault maps discovered:
D:1:      nzn_arrival_settlement, layout_basic, serial_glass, glass_columns_c,
          glass_columns_b, item_on_display_a, due_unseen_surprise,
          feat_on_display, feat_on_display, shapermc_ecumenical_altar_gd,
          dreamdust_wishing_well, roderic_malta_cross, minmay_cut_off
D:2:      layout_basic, basic_altar, serial_shops, nicolae_shop_hallway_stairs,
          st_stairs_12, minmay_heptomino_d4, uniq_jessica
D:3:      layout_loops_ring, lexackson_kobold_supper
D:4:      corexii_shantytown, layout_rooms
D:5:      kennysheep_spiral_hall, layout_cave_pools, amcnicky_altar_gilded,
          minmay_temple_entry_gardened_gates, lightli_minifort, uniq_grinder

Skill      XL: |  1  2  3  4  5  6  7  8 |
---------------+-------------------------+-----
Maces & Flails | 3 4 |  4.0
Armour         | 1 2 3 |  3.2
Dodging        | 3 4 |  4.4
Fighting       | 4 5 |  5.9
Ice Magic      | 1 2 3 4 |  4.1
Spellcasting   | 1 2 |  2.8
Stealth        | 3 |  3.1
Conjurations   | 1 2 |  2.2
Polearms       | |  0.1
Earth Magic    | |  0.9

Action                   |  1- 3 |  4- 6 |  7- 9 || total
-------------------------+-------+-------+-------++-------
Melee: Mace              |    47 |       |       ||    47
       Whip              |    44 |   149 |       ||   193
       Flail             |       |    41 |   206 ||   247
       Halberd           |       |     9 |       ||     9
       Punch             |       |     2 |     3 ||     5
 Cast: Freeze            |       |    30 |    14 ||    44
       Magic Dart        |       |    18 |     8 ||    26
       Frozen Ramparts   |       |       |    24 ||    24
Evoke: Wand              |       |       |     5 ||     5
  Use: Scroll            |     1 |     8 |     3 ||    12
 Stab: Sleeping          |     2 |     5 |     6 ||    13
       Distracted        |       |     1 |       ||     1
Armor: Robe              |     2 |    38 |     9 ||    49
       Leather armour    |    10 |       |    76 ||    86
Dodge: Dodged            |    45 |   142 |   141 ||   328
